 Dungeon Crawl Stone Soup version 0.32-a0-933-ga8fa3634e4 (webtiles) character file.

Game seed: 12332828824094499785

5 Sabo the Charlatan (level 1, 0/16 HPs)
             Began as a Minotaur Artificer on Apr 14, 2024.
             Slain by a quokka (3 damage)
             ... on level 1 of the Dungeon.
             The game lasted 00:00:49 (143 turns).

Sabo the Charlatan (Minotaur Artificer)              Turns: 143, Time: 00:00:49

Health: 0/16       AC:  3    Str: 16    XL:     1   Next: 66%
Magic:  0/0        EV: 10    Int:  8    God:
Gold:   0          SH:  0    Dex: 10    Spells: 0/0 levels left

rFire   . . .        a - +0 club
rCold   . . .        (no shield)
rNeg    . . .        b - +0 leather armour
rPois   .            (helmet restricted)
rElec   .            (no cloak)
rCorr   .            (no gloves)
SInv    .            (no boots)
Will    .....        (no amulet)
Stlth   +            (no ring)
HPRegen 0.22/turn    (no ring)
MPRegen 0.07/turn

%: no passive effects
@: no status effects
A: horns 2, retaliatory headbutt
a: no special abilities


You were on level 1 of the Dungeon.
You visited 1 branch of the dungeon, and saw 1 of its levels.

Inventory:

Hand Weapons
 a - a +0 club (weapon)
Armour
 b - a +0 leather armour (worn)
Wands
 c - a wand of flame (15) (quivered)
 d - a wand of charming (15)
 e - a wand of iceblast (5)


   Skills:
 + Level 1.2 Fighting
 + Level 2.5 Armour
 + Level 1.1 Dodging
 + Level 0.7 Stealth
 + Level 3.0 Evocations


You couldn't memorise any spells.
You didn't know any spells.
Your spell library was empty.

Dungeon Overview and Level Annotations

Branches:
Dungeon (1/15)

Altars:


Innate Abilities, Weirdness & Mutations

You have a pair of horns on your head.
You reflexively headbutt those who attack you in melee.


Message History

The jackal closely misses you. The jackal barely misses you.
You closely miss the jackal. Your headbutt misses the jackal.
The jackal bites you but does no damage.
The jackal barely misses you. You furiously retaliate!
You headbutt the jackal!
You kill the jackal!
The jackal barely misses you.
You hit the hobgoblin.
The hobgoblin is moderately wounded.
A goblin comes into view. It is wielding a +0 club.
The jackal bites you. The hobgoblin hits you. The jackal bites you.
The hobgoblin hits you.
You barely miss the hobgoblin. You headbutt the hobgoblin.
You kill the hobgoblin!
The jackal bites you. The jackal closely misses you. x2
You closely miss the jackal. The jackal bites you. x2
The jackal closely misses you.
You closely miss the jackal. The jackal misses you. The jackal bites you.
* * * LOW HITPOINT WARNING * * *
The jackal closely misses you.
You closely miss the jackal. The jackal barely misses you.
You furiously retaliate!
You headbutt the jackal. The jackal barely misses you.
The jackal bites you but does no damage.
The jackal barely misses you.
You closely miss the jackal. Your headbutt misses the jackal.
The jackal is almost dead.
The jackal barely misses you. You furiously retaliate!
You headbutt the jackal!
You kill the jackal!
The jackal bites you.
* * * LOW HITPOINT WARNING * * *
The quokka bites you but does no damage.
Your Evocations skill increases to level 3!
You hit the jackal.
The jackal is moderately wounded.
The jackal barely misses you. x2; The quokka closely misses you.
You hit the jackal. Your headbutt misses the jackal.
The jackal is almost dead.
The jackal bites you.
* * * LOW HITPOINT WARNING * * *
The quokka bites you.
You die...

....#.......
....|...... ...........
.......... .......#
..... #gr# #r#######+#
##@h.......##
#...#####...# #.#.#.#
#.#.#.#
#.##.##.#.##.##.# #.#
#.# #.# #.# #.##
##.####.##.#.##.####.##
+.........# #..<......+
#..####.### ###.####..#
#.#.###.# #.# #.#.#


You could see a quokka, a jackal, a goblin and a rat.

Vanquished Creatures
  A hobgoblin (D:1)
  2 jackals (D:1)
  A kobold (D:1)
4 creatures vanquished.

Notes
Turn   | Place    | Note
-------+----------+-------------------------------------------
     0 | D:1      | Sabo the Minotaur Artificer began the quest for the Orb.
     0 | D:1      | Reached XP level 1. HP: 16/16 MP: 0/0
   142 | D:1      | Reached skill level 3 in Evocations
   143 | D:1      | Slain by a quokka

Illustrated notes

Levels and vault maps discovered:
D:1:      roderic_octagonal_star, layout_basic, dk_noncrumbling_3,
          serial_bayou_pond_d, st_stairs_10

Skill      XL: |  1 |
---------------+----+-----
Evocations     | 3 |  3.0
Fighting       | |  1.2
Armour         | |  2.5
Dodging        | |  1.1
Stealth        | |  0.7

Action                     || total
---------------------------++-------
  Melee: Club              ||    21
         Headbutt          ||     3
 Armour: Leather armour    ||    27
  Dodge: Dodged            ||    20

Table legend: (Time is in decaauts)
 A = Elapsed time spent in this place.
 B = Non-inter-level travel time spent in this place.
 C = Inter-level travel time spent in this place.
 D = Time resting spent in this place.
 E = Time spent auto-exploring this place.
 F = Levels seen in this place.
 G = Mean time per level.
                   A        B        C        D        E       F      G
               +--------+--------+--------+--------+--------+-----+--------+
         Total |    149 |    149 |      0 |     26 |      0 |   1 |  149.0 |
       Dungeon |    149 |    149 |      0 |     26 |      0 |   1 |  149.0 |
               +--------+--------+--------+--------+--------+-----+--------+

Top non-repeatable levels by time:
     D:1: 149 daAuts
